 Dungeon Crawl Stone Soup version 0.25-a0-890-g62861fb (webtiles) character file.

Game seed: 8820417070195989071, levelgen mode: deterministic

382 BeowulfAlex the Changer (level 6, -1/42 HPs)
             Began as an Octopode Transmuter on May 6, 2020.
             Was a Follower of Cheibriados.
             Slain by a scorpion zombie (3 damage)
             ... in an ossuary.
             The game lasted 00:07:28 (1943 turns).

BeowulfAlex the Changer (Octopode Transmuter)       Turns: 1943, Time: 00:07:29

Health: -1/42      AC:  1    Str: 11    XL:     6   Next: 76%
Magic:  6/9        EV: 17    Int: 18    God:    Cheibriados [*.....]
Gold:   91         SH:  0    Dex: 16    Spells: 5/9 levels left

rFire    . . .     SeeInvis .     - Unarmed
rCold    . . .     Gourm    .   (no shield)
rNeg     . . .     Faith    .   (helmet restricted)
rPois    .         Spirit   .   (no amulet)
rElec    .         Reflect  .   q - +3 ring of evasion
rCorr    .         Harm     .   l - ring of attention (curse)
MR       .....                  (no ring)
Stlth    ++........             (no ring)
HPRegen  0.14/turn              (no ring)
MPRegen  0.11/turn              (no ring)
                                (no ring)
                                (no ring)

@: lethally poisoned (-1 -> -6), hasted, invisible, quick
A: almost no armour, stealthy swim, amphibious, 8 rings, constrict 8, tentacle
spike 1, camouflage 1, blink, gelatinous body 1
a: Blink, Bend Time, Renounce Religion


You were in an ossuary.
You worshipped Cheibriados.
Cheibriados was aware of your devotion.
You were hungry.

You visited 1 branch of the dungeon, and saw 4 of its levels.
You also visited: Ossuary.

You collected 91 gold pieces.

Inventory:

Missiles
 a - 32 arrows
 f - 13 poisoned darts
 g - 66 stones (quivered)
Jewellery
 l - a cursed ring of attention (right tentacle)
 q - a +3 ring of evasion (left tentacle)
Scrolls
 b - a scroll of immolation {unknown}
 e - a scroll of magic mapping
 h - a scroll of fog {unknown}
 k - 2 scrolls of remove curse
 m - a scroll of amnesia {unknown}
 o - 2 scrolls of enchant armour
Potions
 i - a potion of haste
 n - a potion of heal wounds {unknown}
Comestibles
 c - 6 rations


   Skills:
 + Level 3.2 Fighting
 - Level 2.0 Dodging
 - Level 1.0 Stealth
 + Level 4.4 Unarmed Combat
 - Level 2.0 Spellcasting
 * Level 5.0 Transmutations


You had 5 spell levels left.
You knew the following spells:

 Your Spells              Type           Power        Failure   Level  Hunger
a - Beastly Appendage     Tmut           ###...       2%          1    #......
b - Spider Form           Tmut/Pois      ##........   19%         3    ###....

Your spell library contained the following spells:

 Spells                   Type           Power        Failure   Level  Hunger
 Sticks to Snakes         Tmut           ###.....     3%          2    ###....
 Ice Form                 Ice/Tmut       ##......     54%         4    #####..
 Blade Hands              Tmut           ###.......   54%         5    ######.


Dungeon Overview and Level Annotations

Branches:
Dungeon (4/15)             Temple (0/1) D:4         Ossuary (1/1)

Altars:
Cheibriados
Dithmenos
Makhleb
Nemelex Xobeh
Okawaru
Trog
Uskayaw
Yredelemnul

Annotations:
D:4 Dowan, Duvessa


Innate Abilities, Weirdness & Mutations

You cannot wear most types of armour.
You are very stealthy in the water. (Stealth+)
You are amphibious.
You can wear up to eight rings at the same time.
You can use your tentacles to constrict eight enemies at once.
Your skin changes colour to match your surroundings (Stealth+).
Your rubbery body absorbs attacks. (AC +1, EV +1)
One of your tentacles bears a spike.
You can translocate small distances at will.


Message History

The scorpion zombie completely misses you.
You closely miss the scorpion. Your grab misses the scorpion.
The scorpion is almost dead.
You feel sick. The scorpion barely misses you. The gnoll zombie hits you.
* * * LOW HITPOINT WARNING * * *
The orc zombie hits you.
* * * LOW HITPOINT WARNING * * *
Okay, then.
It was a potion of haste.
You feel yourself speed up.
Cheibriados forgives your accidental hurry, just this once.
* * * LOW HITPOINT WARNING * * *
You feel sick. The scorpion misses you. The scorpion zombie closely misses you.
It was a potion of mutation.
You feel extremely strange.
One of your lower tentacles grows a sharp spike.
You feel jittery. The gnoll zombie closely misses you.
The scorpion closely misses you.
It was a potion of invisibility.
You fade into invisibility!
The scorpion zombie hits you.
You die...

##########+##
#...#...#!..#
#..(8...#?.!#
#...ZsZ.#M!!#
##8.Z@8######
#.......#^^^#
#...8...'^^^#
#...#...#^^^#
##+#######'##
#...#...#
#...8...#
#.......#
##8...8##


You could see a scorpion, a scorpion zombie, a gnoll zombie and an orc zombie.

Vanquished Creatures
  An ogre (D:4)
  A scorpion (Ossuary)
  A centaur zombie (Ossuary)
  A human zombie (Ossuary)
  Ijyb (D:3)
  A worker ant (D:4)
  3 big kobold zombies (Ossuary)
  3 adders (D:2)
  2 scorpion zombies (Ossuary)
  3 dart slugs (D:1)
  An orc (D:3)
  A ball python (D:1)
  A bat (D:1)
  4 giant cockroaches
  4 hobgoblins
  6 jackals
  5 goblins
  4 kobolds
  4 rats
47 creatures vanquished.

Notes
Turn   | Place    | Note
-------+----------+-------------------------------------------
     0 | D:1      | BeowulfAlex the Octopode Transmuter began the quest for the
                  | Orb.
     0 | D:1      | Reached XP level 1. HP: 13/13 MP: 3/3
   115 | D:1      | Reached XP level 2. HP: 18/18 MP: 5/5
   535 | D:2      | Found a basalt altar of Yredelemnul.
   547 | D:2      | Reached XP level 3. HP: 23/23 MP: 4/6
   568 | D:2      | Found a burning altar of Makhleb.
   568 | D:2      | Found a bloodstained altar of Trog.
   570 | D:2      | Found a snail-covered altar of Cheibriados.
   570 | D:2      | Found an iron altar of Okawaru.
   572 | D:2      | Found a shadowy altar of Dithmenos.
   572 | D:2      | Found a hide-covered altar of Uskayaw.
   588 | D:2      | Learned a level 3 spell: Spider Form
   608 | D:2      | Became a worshipper of Cheibriados the Contemplative
   658 | D:2      | Reached skill level 3 in Transmutations
   889 | D:2      | Found a faded altar of an unknown god.
  1235 | D:2      | Reached XP level 4. HP: 22/29 MP: 3/7
  1307 | D:3      | Reached skill level 1 in Stealth
  1409 | D:3      | Reached * piety under Cheibriados
  1417 | D:3      | Noticed Ijyb
  1427 | D:3      | Killed Ijyb
  1460 | D:3      | You fall into a shaft and drop 1 floor!
  1484 | D:4      | Reached XP level 5. HP: 34/34 MP: 6/8
  1501 | D:4      | Found a sparkling altar of Nemelex Xobeh.
  1501 | D:4      | Noticed an ogre
  1508 | D:4      | Killed an ogre
  1508 | D:4      | Reached skill level 4 in Transmutations
  1565 | D:4      | Noticed Duvessa
  1566 | D:4      | Found a sand-covered staircase.
  1567 | D:4      | Noticed Dowan
  1571 | Ossuary  | Entered an ossuary
  1695 | Ossuary  | Reached XP level 6. HP: 29/41 MP: 5/9
  1924 | Ossuary  | Reached skill level 5 in Transmutations
  1941 | Ossuary  | HP: 2/42 [poisoned by a scorpion]
  1942 | Ossuary  | Gained mutation: One of your tentacles bears a spike.
                  | [potion of mutation]
  1942 | Ossuary  | Gained mutation: You can translocate small distances at
                  | will. [potion of mutation]
  1943 | Ossuary  | Slain by a scorpion zombie

Levels and vault maps discovered:
D:1:      zaba_arrival_water, layout_basic
D:2:      layout_basic, yredelemnul_altar_generic, grunt_temple_overflow_open,
          chequers_ecumenical_altar_grove
D:3:      layout_rooms, gammafunk_temple_overflow_statue, first_ration,
          ebering_ghost_sewer_d, uniq_ijyb, uniq_crazy_yiuf_cottage
D:4:      layout_loops_ring, grunt_temple_overflow_order_and_chaos_1,
          old_standard_altar, minmay_temple_entry_wispy,
          nicolae_ossuary_entry_ruins, uniq_menkaure, uniq_pikel, uniq_duvessa
Ossuary:  ossuary_minmay_scorpions

Skill      XL: |  1  2  3  4  5  6 |
---------------+-------------------+-----
Transmutations | 3 4 5 |  5.0
Stealth        | 1 |  1.0
Fighting       | 2 3 |  3.2
Unarmed Combat | 4 |  4.4
Dodging        | |  2.0
Spellcasting   | |  2.0

Action                   |  1- 3 |  4- 6 || total
-------------------------+-------+-------++-------
Melee: Unarmed           |    49 |    94 ||   143
       Constrict         |    12 |    10 ||    22
       Kick              |    11 |    25 ||    36
       Tentacles         |     8 |    14 ||    22
       Punch             |     2 |     5 ||     7
Throw: Dart              |     4 |     5 ||     9
       Stone             |       |    14 ||    14
 Cast: Beastly Appendage |    14 |     7 ||    21
       Spider Form       |     1 |     4 ||     5
Invok: Bend Time         |       |     1 ||     1
  Use: Scroll            |       |     4 ||     4
       Potion            |       |     3 ||     3
 Stab: Sleeping          |     4 |       ||     4
  Eat: Chunk             |     2 |     1 ||     3
Armor: Skin              |     3 |     3 ||     6
Dodge: Dodged            |    27 |    67 ||    94

Table legend:
 A = Non-vault XP
 B = Vault XP
 C = Vault XP percentage of total XP
 D = Non-vault monster count
 E = Vault monster count
 F = Vault count percentage of total count
                 A         B        C        D         E       F
            +---------+---------+-------+---------+---------+-------
      Total |     257 |     290 |  53.0 |      38 |       9 |  19.1
            +---------+---------+-------+---------+---------+-------
        D:1 |      30 |       0 |   0.0 |      15 |       0 |   0.0
        D:2 |      53 |       0 |   0.0 |      10 |       0 |   0.0
        D:3 |      20 |      35 |  63.6 |      11 |       1 |   8.3
        D:4 |     154 |       0 |   0.0 |       2 |       0 |   0.0
    Ossuary |       0 |     255 | 100.0 |       0 |       8 | 100.0
            +---------+---------+-------+---------+---------+-------
